Map: [ESL] Babylon

Players

Coffee

  • Race: Terran Terran
  • Spawn Location: 11:00

Oliveira - Winner!

  • Race: Terran Terran
  • Spawn Location: 5:00

Event: ESL SC2 Masters 2023 Summer (Regionals)

VOD

Have the link to the VOD?

Description

Time

  • Played on: May 21, 2023, 9:52 a.m.
  • Length: 5:02

All games in this series

Show
View Real Time Build Order
Export as new Build Order

Coffee Terran 

Build Orders: Gas First Reaper Expand 

Get SALT Encoding   

  12  0:00  SCV  
  13  0:12  SCV  
  14  0:17  Supply Depot  
  14  0:24  SCV  
  14  0:27  Refinery  
  15  0:38  SCV  
  16  0:44  Barracks  
  16  0:50  SCV  
  17  1:03  SCV  
  18  1:15  SCV  
  19  1:31  Reaper  
  19  1:32  Orbital Command  
  20  1:43  Command Center  
  20  1:54  Factory  
  20  1:58  SCV  
  21  2:05  Barracks Reactor  
  21  2:10  SCV  
  21  2:11  Supply Depot  
  21  2:15  Refinery  
  22  2:24  SCV  
  23  2:41  SCV  
  24  2:47  Hellion x2, Starport  
  27  2:53  SCV  
  27  2:55  Barracks Tech Lab  
  25  3:05  SCV  
  25  3:11  Hellion x2  
  29  3:18  SCV  
  27  3:22  Marauder  
  28  3:30  SCV  
  28  3:31  Supply Depot  
  29  3:42  SCV  
  29  3:48  Concussive Shells  
  30  3:50  Marauder  
  30  3:51  Medivac  
  34  4:00  Hellion  
  34  4:01  Hellion  
  38  4:03  SCV  
  39  4:12  Orbital Command  
  39  4:15  SCV  
  40  4:26  Hellion x2  
  40  4:31  SCV  
  45  4:42  SCV  
  45  4:43  SCV  
Show
View Real Time Build Order
Export as new Build Order

Oliveira Terran - Winner!

Build Orders:  

Get SALT Encoding   

  12  0:00  SCV  
  13  0:12  SCV  
  14  0:17  Supply Depot  
  14  0:24  SCV  
  15  0:38  SCV  
  15  0:39  Barracks  
  16  0:44  Refinery  
  16  0:51  SCV  
  16  0:54  Refinery  
  17  1:03  SCV  
  18  1:15  SCV  
  19  1:26  Reaper  
  19  1:27  Orbital Command  
  19  1:29  Supply Depot  
  20  1:44  Factory  
  20  1:53  SCV  
  21  1:58  Reaper  
  22  2:05  SCV  
  23  2:17  SCV  
  24  2:30  Hellion  
  24  2:31  Command Center  
  24  2:32  Barracks Reactor  
  26  2:38  SCV  
  26  2:40  Supply Depot  
  27  2:51  Starport  
  27  2:54  Factory Tech Lab  
  27  2:55  SCV  
  28  3:09  Marine x2  
  29  3:20  Siege Tank  
  29  3:25  SCV  
  32  3:27  Marine  
  32  3:29  Marine  
  34  3:37  SCV, Medivac  
  37  3:43  Orbital Command  
  37  3:45  Marine  
  37  3:47  Marine  
  39  3:49  SCV  
  40  3:56  Cyclone, Refinery  
  40  4:01  SCV  
  44  4:03  Marine  
  44  4:04  Marine  
  44  4:09  SCV, Supply Depot  
  47  4:12  Starport Tech Lab  
  47  4:17  SCV  
  47  4:21  SCV, Marine  
  47  4:22  Marine  
  51  4:31  SCV  
  54  4:32  Supply Depot  
  54  4:33  SCV  
  55  4:44  Marine x2  
Tags
 
Add a new tag
Caveats
  • Supply blocks, unpowered buildings, or Contaminate may cause inaccurate times.
  • Supply counts are checked every 10 seconds.